SL
CHICAGO HAWKS @ NEW AMSTERDAM REPUBLICS
07/25/2022
 
TOP OF THE 1ST
Chicago Hawks batting - Pitching for New Amsterdam Republics : RHP Pedro Castro
Pitching: RHP Pedro Castro
Batting: RHB Ludwig Kluge 0-0: Ball
1-0: Swinging Strike
1-1: Ground out 5-3 (Groundball, 5L)
Batting: RHB Chandler Bailey 0-0: Ball
1-0: Ball
2-0: Ball
3-0: Called Strike
3-1: Base on Balls
Batting: RHB Robbie Roach 0-0: Foul Ball, location: 2F
0-1: Foul Ball, location: 2F
0-2: Strikes out swinging
Batting: LHB Mal Wadley 0-0: Ball
1-0: Ground out 1-3 (Groundball, 15)
Top of the 1st over - 0 run(s), 0 hit(s), 0 error(s), 1 left on base; Chicago 0 - New Amsterdam 0
BOTTOM OF THE 1ST
New Amsterdam Republics batting - Pitching for Chicago Hawks : RHP Adrián Fierro
Pitching: RHP Adrián Fierro
Batting: RHB Doug Reed 0-0: Ground out 5-3 (Groundball, 56)
Batting: RHB Ed Anderson 0-0: Ball
1-0: SOLO HOME RUN (Flyball, 7D), Distance : 398 ft
Batting: RHB Hank Wilder 0-0: Called Strike
0-1: Ball
1-1: Foul Ball, location: 2F
1-2: Ball
2-2: Ball
3-2: Ground out 4-3 (Groundball, 4)
Batting: RHB Júlio Maldonado 0-0: Foul Ball, location: 2F
0-1: Foul Ball, location: 2F
0-2: Foul Ball, location: 2F
0-2: Ball
1-2: Foul Ball, location: 2F
1-2: Foul Ball, location: 2F
1-2: Ball
2-2: Ball
3-2: Strikes out swinging
Bottom of the 1st over - 1 run(s), 1 hit(s), 0 error(s), 0 left on base; Chicago 0 - New Amsterdam 1
TOP OF THE 2ND
Chicago Hawks batting - Pitching for New Amsterdam Republics : RHP Pedro Castro
Batting: RHB Chris Smith 0-0: Called Strike
0-1: Ball
1-1: Foul Ball, location: 2F
1-2: DOUBLE (Groundball, 5L)
Batting: LHB Bill Griffin 0-0: Ball
1-0: Swinging Strike
1-1: Swinging Strike
1-2: Strikes out looking
Batting: RHB Yoshio Matsuo 0-0: Called Strike
0-1: Foul Ball, location: 2F
0-2: Ball
1-2: Strikes out swinging
Batting: RHB José Lozano 0-0: Swinging Strike
0-1: Foul Ball, location: 2F
0-2: Foul Ball, location: 2F
0-2: Ball
1-2: Strikes out swinging
Top of the 2nd over - 0 run(s), 1 hit(s), 0 error(s), 1 left on base; Chicago 0 - New Amsterdam 1
BOTTOM OF THE 2ND
New Amsterdam Republics batting - Pitching for Chicago Hawks : RHP Adrián Fierro
Batting: LHB Eric Ward 0-0: Ball
1-0: Called Strike
1-1: Ball
2-1: Swinging Strike
2-2: Foul Ball, location: 2F
2-2: Strikes out swinging
Batting: LHB Félix López 0-0: Called Strike
0-1: Called Strike
0-2: Ball
1-2: Strikes out looking
Batting: LHB Tony Reynolds 0-0: Ground out 6-3 (Groundball, 6M)
Bottom of the 2nd over - 0 run(s), 0 hit(s), 0 error(s), 0 left on base; Chicago 0 - New Amsterdam 1
TOP OF THE 3RD
Chicago Hawks batting - Pitching for New Amsterdam Republics : RHP Pedro Castro
Batting: LHB Jeremiah Spencer 0-0: Swinging Strike
0-1: Foul Ball, location: 2F
0-2: Ball
1-2: Foul Ball, location: 2F
1-2: Fly out, F7 (Flyball, 78S)
Batting: RHB Ludwig Kluge 0-0: Ground out 5-3 (Groundball, 5L)
Batting: RHB Chandler Bailey 0-0: Ground out 6-3 (Groundball, 6)
Top of the 3rd over - 0 run(s), 0 hit(s), 0 error(s), 0 left on base; Chicago 0 - New Amsterdam 1
BOTTOM OF THE 3RD
New Amsterdam Republics batting - Pitching for Chicago Hawks : RHP Adrián Fierro
Batting: RHB Takeru Sanu 0-0: Swinging Strike
0-1: Ball
1-1: Ball
2-1: SINGLE (Groundball, 4M)
Batting: SHB Todd Hill 0-0: Called Strike
0-1: Ball
1-1: Called Strike
1-2: Foul Ball, location: 2F
1-2: Ball
2-2: Ball
3-2: Grounds into double play, 6-4-3 (Groundball, 6M)
Batting: RHB Doug Reed 0-0: Ball
1-0: Ball
2-0: SOLO HOME RUN (Flyball, 7D), Distance : 391 ft
Batting: RHB Ed Anderson 0-0: Called Strike
0-1: Ball
1-1: Ball
2-1: Fly out, F8 (Flyball, 8RD)
Bottom of the 3rd over - 1 run(s), 2 hit(s), 0 error(s), 0 left on base; Chicago 0 - New Amsterdam 2
TOP OF THE 4TH
Chicago Hawks batting - Pitching for New Amsterdam Republics : RHP Pedro Castro
Batting: RHB Robbie Roach 0-0: Ball
1-0: Ball
2-0: Ball
3-0: Base on Balls
Batting: LHB Mal Wadley 0-0: Foul Ball, location: 2F
0-1: Ball
1-1: 2-RUN HOME RUN (Flyball, 89XD), Distance : 426 ft
Batting: RHB Chris Smith 0-0: Ball
1-0: Called Strike
1-1: Called Strike
1-2: Foul Ball, location: 2F
1-2: Strikes out looking
Batting: LHB Bill Griffin 0-0: Called Strike
0-1: Swinging Strike
0-2: Strikes out swinging
Batting: RHB Yoshio Matsuo 0-0: Ball
1-0: Ground out 4-3 (Groundball, 4)
Top of the 4th over - 2 run(s), 1 hit(s), 0 error(s), 0 left on base; Chicago 2 - New Amsterdam 2
BOTTOM OF THE 4TH
New Amsterdam Republics batting - Pitching for Chicago Hawks : RHP Adrián Fierro
Batting: RHB Hank Wilder 0-0: Called Strike
0-1: Foul Ball, location: 2F
0-2: Strikes out swinging
Batting: RHB Júlio Maldonado 0-0: Called Strike
0-1: Foul Ball, location: 2F
0-2: Foul Ball, location: 2F
0-2: Foul Ball, location: 2F
0-2: Foul Ball, location: 2F
0-2: Ball
1-2: Ball
2-2: Foul Ball, location: 2F
2-2: Ground out 4-3 (Groundball, 6MD)
Batting: LHB Eric Ward 0-0: Ball
1-0: Foul Ball, location: 2F
1-1: SOLO HOME RUN (Flyball, 8LXD), Distance : 439 ft
Batting: LHB Félix López 0-0: Called Strike
0-1: SOLO HOME RUN (Flyball, 89XD), Distance : 432 ft
Batting: LHB Tony Reynolds 0-0: Called Strike
0-1: Ball
1-1: Ground out 4-3 (Groundball, 4M)
Bottom of the 4th over - 2 run(s), 2 hit(s), 0 error(s), 0 left on base; Chicago 2 - New Amsterdam 4
TOP OF THE 5TH
Chicago Hawks batting - Pitching for New Amsterdam Republics : RHP Pedro Castro
Batting: RHB José Lozano 0-0: Swinging Strike
0-1: Ball
1-1: Ground out 4-3 (Groundball, 4)
Batting: LHB Jeremiah Spencer 0-0: Called Strike
0-1: Ball
1-1: Ground out 5-3 (Groundball, 56)
Batting: RHB Ludwig Kluge 0-0: Fly out, F6 (Popup, 6S)
Top of the 5th over - 0 run(s), 0 hit(s), 0 error(s), 0 left on base; Chicago 2 - New Amsterdam 4
BOTTOM OF THE 5TH
New Amsterdam Republics batting - Pitching for Chicago Hawks : RHP Adrián Fierro
Batting: RHB Takeru Sanu 0-0: Ball
1-0: Called Strike
1-1: Called Strike
1-2: Ball
2-2: Fly out, F3 (Popup, 3F)
Batting: SHB Todd Hill 0-0: Ball
1-0: Fly out, F8 (Flyball, 8RXD)
Batting: RHB Doug Reed 0-0: Called Strike
0-1: Bunt for hit - play at first, batter OUT! 1-3
Bottom of the 5th over - 0 run(s), 0 hit(s), 0 error(s), 0 left on base; Chicago 2 - New Amsterdam 4
TOP OF THE 6TH
Chicago Hawks batting - Pitching for New Amsterdam Republics : RHP Pedro Castro
Batting: RHB Chandler Bailey 0-0: Ball
1-0: SINGLE (Groundball, 34)
Batting: RHB Robbie Roach 0-0: Ball
1-0: Swinging Strike
1-1: Swinging Strike
1-2: Strikes out looking
Batting: LHB Mal Wadley 0-0: Foul Ball, location: 2F
0-1: Called Strike
0-2: Ball
1-2: Foul Ball, location: 2F
1-2: Fly out, F3 (Popup, 23F)
Batting: RHB Chris Smith 0-0: Ball
1-0: Ground out 6-3 (Groundball, 6)
Top of the 6th over - 0 run(s), 1 hit(s), 0 error(s), 1 left on base; Chicago 2 - New Amsterdam 4
BOTTOM OF THE 6TH
New Amsterdam Republics batting - Pitching for Chicago Hawks : RHP Adrián Fierro
Batting: RHB Ed Anderson 0-0: Ground out 3-1 (Groundball, 34S)
Batting: RHB Hank Wilder 0-0: Called Strike
0-1: Ball
1-1: Ground out 5-3 (Groundball, 56S)
Batting: RHB Júlio Maldonado 0-0: Called Strike
0-1: Ball
1-1: Ball
2-1: SINGLE (Groundball, 6M)
Batting: LHB Eric Ward 0-0: 2-RUN HOME RUN (Flyball, 9D), Distance : 394 ft
Pitching: RHP Joaquín Rodríguez
Batting: LHB Félix López 0-0: Fly out, F4 (Popup, 3DF)
Bottom of the 6th over - 2 run(s), 2 hit(s), 0 error(s), 0 left on base; Chicago 2 - New Amsterdam 6
TOP OF THE 7TH
Chicago Hawks batting - Pitching for New Amsterdam Republics : RHP Pedro Castro
Batting: LHB Bill Griffin 0-0: Ball
1-0: Ball
2-0: Foul Ball, location: 2F
2-1: Ball
3-1: Base on Balls
Batting: RHB Yoshio Matsuo 0-0: Ball
1-0: Foul Ball, location: 2F
1-1: Fly out, F6 (Line Drive, 6D)
Batting: RHB José Lozano 0-0: Ball
1-0: Ball
2-0: Foul Ball, location: 2F
2-1: Called Strike
2-2: Ball
3-2: Base on Balls
Bill Griffin to second
Batting: LHB Jeremiah Spencer 0-0: Fly out, F7 (Flyball, 7LM)
Batting: RHB Ludwig Kluge 0-0: Called Strike
0-1: Ball
1-1: Foul Ball, location: 2F
1-2: Fly out, F4 (Popup, 4M)
Top of the 7th over - 0 run(s), 0 hit(s), 0 error(s), 2 left on base; Chicago 2 - New Amsterdam 6
BOTTOM OF THE 7TH
New Amsterdam Republics batting - Pitching for Chicago Hawks : RHP Joaquín Rodríguez
Batting: LHB Tony Reynolds 0-0: Fly out, F3 (Popup, 3S)
Batting: RHB Takeru Sanu 0-0: Swinging Strike
0-1: Foul Ball, location: 2F
0-2: Foul Ball, location: 2F
0-2: Foul Ball, location: 2F
0-2: Strikes out looking
Batting: SHB Todd Hill 0-0: Foul Ball, location: 2F
0-1: Ball
1-1: Called Strike
1-2: Fly out, F7 (Flyball, 78M)
Bottom of the 7th over - 0 run(s), 0 hit(s), 0 error(s), 0 left on base; Chicago 2 - New Amsterdam 6
TOP OF THE 8TH
Chicago Hawks batting - Pitching for New Amsterdam Republics : RHP Pedro Castro
Batting: RHB Chandler Bailey 0-0: Called Strike
0-1: Foul Ball, location: 2F
0-2: Strikes out looking
Batting: RHB Robbie Roach 0-0: Ball
1-0: Ball
2-0: Ball
3-0: Base on Balls
Batting: LHB Mal Wadley 0-0: Grounds into double play, 4-6-3 (Groundball, 34)
Top of the 8th over - 0 run(s), 0 hit(s), 0 error(s), 0 left on base; Chicago 2 - New Amsterdam 6
BOTTOM OF THE 8TH
New Amsterdam Republics batting - Pitching for Chicago Hawks : RHP Joaquín Rodríguez
Batting: RHB Doug Reed 0-0: Called Strike
0-1: Swinging Strike
0-2: Ball
1-2: Strikes out swinging
Batting: RHB Ed Anderson 0-0: Foul Ball, location: 2F
0-1: Ball
1-1: Ball
2-1: Foul Ball, location: 2F
2-2: SINGLE (Line Drive, 56)
Batting: RHB Hank Wilder 0-0: Ball
1-0: Ball
2-0: Ball
3-0: Grounds into double play, 6-4-3 (Groundball, 6M)
Bottom of the 8th over - 0 run(s), 1 hit(s), 0 error(s), 0 left on base; Chicago 2 - New Amsterdam 6
TOP OF THE 9TH
Chicago Hawks batting - Pitching for New Amsterdam Republics : RHP Pedro Castro
Batting: RHB Chris Smith 0-0: Ball
1-0: Called Strike
1-1: Ball
2-1: Ball
3-1: Swinging Strike
3-2: Strikes out swinging
Batting: LHB Bill Griffin 0-0: Ball
1-0: Swinging Strike
1-1: Called Strike
1-2: Strikes out swinging
Batting: RHB Yoshio Matsuo 0-0: Ball
1-0: Ball
2-0: Swinging Strike
2-1: Called Strike
2-2: Foul Ball, location: 2F
2-2: Strikes out swinging
Top of the 9th over - 0 run(s), 0 hit(s), 0 error(s), 0 left on base; Chicago 2 - New Amsterdam 6
This league is powered by Out of the Park Baseball, the baseball management simulation game for PC, Mac and Linux
Friday, April 15th, 2016 - OOTP Baseball 16.9 Build 39